 Dungeon Crawl Stone Soup version 0.29-a0-982-gaed3a0c8d8 (webtiles) character file.

Game seed: 11356293231603854740

50 zeratav the Stinger (level 3, -1/21 HPs)
             Began as an Octopode Venom Mage on Aug 2, 2022.
             Killed by divine providence
             ... invoked by an orc priest
              (13 damage)
             ... on level 3 of the Dungeon.
             The game lasted 00:01:31 (1785 turns).

zeratav the Stinger (Octopode Venom Mage)           Turns: 1785, Time: 00:01:32

Health: -1/21      AC:  1    Str:  7    XL:     3   Next: 79%
Magic:  1/6        EV: 13    Int: 19    God:
Gold:   113        SH:  0    Dex: 12    Spells: 3/6 levels left

rFire   . . .      SeeInvis .   e - +0 dagger {short}
rCold   . . .      Faith    .   (no shield)
rNeg    . . .      Spirit   .   (helmet restricted)
rPois   .          Reflect  .   (no amulet)
rElec   .          Harm     .   (no ring)
rCorr   .          Rampage  .   (no ring)
Will    .....                   (no ring)
Stlth   ++++......              (no ring)
HPRegen 0.07/turn               (no ring)
MPRegen 0.10/turn               (no ring)
                                (no ring)
                                (no ring)

@: no status effects
A: almost no armour, amphibious, 8 rings, camouflage 1, gelatinous body 1,
(nimble swimmer 1), tentacles
a: no special abilities


You were on level 3 of the Dungeon.
You visited 1 branch of the dungeon, and saw 3 of its levels.

You collected 113 gold pieces.


Innate Abilities, Weirdness & Mutations

You cannot wear most types of armour.
You are amphibious.
You can wear up to eight rings at the same time.
Your skin changes colour to match your surroundings (Stealth+).
Your rubbery body absorbs attacks. (AC +1, EV +1)
((You are camouflaged when in or above water. (Stealth+)))
You have tentacles for arms and can constrict up to eight enemies at once.


   Skills:
 - Level 2.0 Dodging
 + Level 4.4 Stealth
 - Level 2.0 Spellcasting
 - Level 1.0 Transmutations
 + Level 4.7 Poison Magic


You had 3 spell levels left.
You knew the following spells:

 Your Spells              Type           Power      Damage    Failure   Level
a - Sting                 Tmut/Pois      48%        1d5       5%          1
b - Poisonous Vapours     Pois/Air       20%        N/A       10%         2

Your spell library contained the following spells:

 Spells                   Type           Power      Damage    Failure   Level
 Mephitic Cloud           Conj/Pois/Air  7%         N/A       26%         3
 Olgreb's Toxic Radiance  Pois           19%        N/A       24%         4

Inventory:

Hand Weapons
 e - a +0 dagger (weapon) {short}
   (You took it off a goblin on level 1 of the Dungeon)
Magical Staves
 h - a staff of poison {staff}
   (You found it on level 1 of the Dungeon)
Scrolls
 d - 2 scrolls of identify {unknown}
 j - 2 scrolls of vulnerability {unknown}
 k - a scroll of enchant armour {unknown}
Potions
 a - a potion of magic
 b - a potion of attraction {unknown}
 c - a potion of might {unknown}
 f - 2 potions of lignification {unknown}
 g - a potion of resistance {unknown}
 i - a potion of degeneration {unknown}
 l - a potion of cancellation {unknown}

Dungeon Overview and Level Annotations

Branches:
Dungeon (3/15) Zot: 16215

Altars:

#..#.# #..#.# ##
###..#.####...##
#...............
#.##..#.#.......
#.##..#.#.#...#.
#.......#.. .o..
###.###o#.#..o ...
.......@#.#..o. ..
###.....<.#.#..o o
#.......#......
##......#
#.#.##.##
#####.#.....##
#.................
#.###......###..##
#.###.#####.# ##


You could see an orc priest (poisoned).


Message History

The ball python hisses angrily.
MP[-1]
You lost 1 mp, and now have 5/6 mp.
The sting hits the goblin.
The goblin looks even sicker.
You kill the goblin!
MP[-1]
You lost 1 mp, and now have 4/6 mp.
The sting hits the ball python.
The ball python is poisoned.
You kill the ball python!
MP[-1]
You lost 1 mp, and now have 3/6 mp.
You can't see any susceptible monsters within range! (Use Z to cast anyway.)
You can't see any susceptible monsters within range! (Use Z to cast anyway.)
You now have 105 gold pieces (gained 9).
d - 2 scrolls labelled YMISIOK IMNUEKA (gained 1)
You see here a +0 spear {polearm}.
You see here a +0 war axe {axe}.
l - a fizzy ruby potion MP[+3]
Your mp is fully restored (6).
Done exploring.
Done exploring.
Done exploring.
(D) Dungeon
Where to? (Enter - D:2, ? - help)
There is a stone staircase leading down here.
You climb downwards.
There is a stone staircase leading up here.
You aren't carrying any pieces of jewellery.
You now have 113 gold pieces (gained 8).
Found a stone staircase leading up. 2 orcs, 2 orc priests and an orc wizard come into view.
The orc shouts!
The orc wizard gestures at you while chanting.
The puff of flame misses you.
An orc comes into view.
It is wielding a +0 flail of protection.
The orc moves out of view.
The orc priest shouts! x2
You hear a shout! x2
You hear a shout!
There is a stone staircase leading up here.
You start waiting.
An orc priest is nearby!
Casting: Sting (safe; 5% risk of failure)
Confirm with . or Enter, or press ? or * to list all spells.
Aiming: Poisonous Vapours (safe; 10% risk of failure)
Press: ? - help, Dir - move target, f - orc priest
Aim: an orc priest, wielding a +0 mace and wearing a +0 ring mail Poisonous vapours surround the orc priest!
The orc priest is poisoned.
MP[-2]
You lost 2 mp, and now have 4/6 mp.
Casting: Poisonous Vapours (safe; 10% risk of failure)
Confirm with . or Enter, or press ? or * to list all spells.
Aiming: Poisonous Vapours (safe; 10% risk of failure)
Press: ? - help, Dir - move target, f/p - orc priest
Aim: an orc priest, wielding a +0 mace and wearing a +0 ring mail (lightly wounded, poisoned)
You miscast Poisonous Vapours.
You are very lightly contaminated with residual magic.
Nothing appears to happen.
MP[-2]
You lost 2 mp, and now have 2/6 mp.
Casting: Poisonous Vapours (safe; 10% risk of failure)
Confirm with . or Enter, or press ? or * to list all spells.
Aiming: Poisonous Vapours (safe; 10% risk of failure)
Press: ? - help, Dir - move target, f/p - orc priest
Aim: an orc priest, wielding a +0 mace and wearing a +0 ring mail (moderately wounded, poisoned) Poisonous vapours surround the orc priest!
The orc priest looks even sicker.
MP[-2]
You lost 2 mp, and now have 0/6 mp.
The orc priest mumbles some strange prayers to Beogh against you.
Pain shoots through your body!
There is a stone staircase leading up here.
HP[-8]
You take 8 damage, and now have 13/21 hp.
MASSIVE DAMAGE!! (PAUSE)
There is a stone staircase leading up here.
The orc priest closely misses you.
HP[+1]
You hit the orc priest but do no damage.
You grab the orc priest.
You constrict the orc priest, but do no damage.
The orc priest hits you with a +0 mace.
Your magical contamination has completely faded away.
HP[-2]
You take 2 damage, and now have 12/21 hp.
You hit the orc priest but do no damage.
You constrict the orc priest, but do no damage.
The orc priest barely misses you.
MP[+1]
You hit the orc priest but do no damage.
You constrict the orc priest. The orc priest closely misses you.
You hit the orc priest but do no damage.
You squeeze the orc priest, but do no damage.
You constrict the orc priest, but do no damage.
The orc priest mumbles some strange prayers to Beogh against you.
Beogh smites you!
Ouch! That really hurt!
You die...

Skill      XL: |  1  2 |
---------------+-------+-----
Stealth        | 3 4 |  4.4
Poison Magic   | 4 |  4.7
Dodging        | |  2.0
Spellcasting   | |  2.0
Transmutations | |  1.0

Action                   || total
-------------------------++-------
Melee: Dagger            ||    53
       Constrict         ||    12
       Tentacles         ||     7
 Cast: Sting             ||     9
       Poisonous Vapours ||     2
 Stab: Sleeping          ||    10
Armor: Skin              ||     4
Dodge: Dodged            ||    36

Levels and vault maps discovered:
D:1:      minmay_arrival_five_plusses, layout_rooms, serial_co_window_serial,
          co_window_paths_b, co_window_paths_a, co_window_of_opportunity_a,
          co_window_corner_a, co_window_corner_a, co_window_paths_a,
          co_window_broadway_a, co_window_corner_cb, co_window_corner_ca,
          co_window_of_opportunity_b, co_window_2corner,
          co_window_unsneaky_path_e, co_window_paths_d
D:2:      layout_rooms, shapermc_ecumenical_altar_hornbeckon
D:3:      cheibrodos_pilgrimage, layout_loops_cross, kennysheep_generic_room_12

Notes
Turn   | Place    | Note
-------+----------+-------------------------------------------
     0 | D:1      | zeratav the Octopode Venom Mage began the quest for the
                  | Orb.
     0 | D:1      | Reached XP level 1. HP: 11/11 MP: 3/3
     0 | D:1      | magus.rc [v1.9.6]
   205 | D:1      | Reached skill level 3 in Stealth
   321 | D:1      | Reached XP level 2. HP: 17/17 MP: 5/5
   354 | D:1      | Reached skill level 4 in Poison Magic
   694 | D:1      | Learned a level 2 spell: Poisonous Vapours
  1137 | D:2      | Reached skill level 4 in Stealth
  1137 | D:2      | Reached XP level 3. HP: 21/21 MP: 6/6
  1390 | D:2      | Found a faded altar of an unknown god.
  1785 | D:3      | Killed from afar by an orc priest

Vanquished Creatures
  2 adders (D:2)
  2 dart slugs
  3 bats (D:1)
  3 endoplasms
  3 giant cockroaches
  4 goblins
  2 hobgoblins (D:1)
  A quokka (D:2)
  3 ball pythons
  A frilled lizard (D:2)
  2 kobolds
  A rat (D:1)
27 creatures vanquished.

Table legend:
 A = Non-vault XP
 B = Vault XP
 C = Vault XP percentage of total XP
 D = Non-vault monster count
 E = Vault monster count
 F = Vault count percentage of total count
                 A         B        C        D         E       F
            +---------+---------+-------+---------+---------+-------
      Total |      72 |       0 |   0.0 |      27 |       0 |   0.0
            +---------+---------+-------+---------+---------+-------
        D:1 |      29 |       0 |   0.0 |      16 |       0 |   0.0
        D:2 |      43 |       0 |   0.0 |      11 |       0 |   0.0
            +---------+---------+-------+---------+---------+-------

Illustrated notes

Table legend:
 A = Kills in this place as a percentage of kills in entire the game.
 B = Kills by you in this place as a percentage of kills by you in the entire game.
 C = Kills by friends in this place as a percentage of kills by friends in the entire game.
 D = Other kills in this place as a percentage of other kills in the entire game.
 E = Experience gained in this place as a percentage of experience gained in the entire game.
 F = Experience gained in this place divided by the number of levels of this place that you have seen.
                   A       B       C       D       E      F
               +-------+-------+-------+-------+-------+----------------------
         Total | 100.0 | 100.0 |   N/A |   N/A | 100.0 |  24.0
       Dungeon | 100.0 | 100.0 |   N/A |   N/A | 100.0 |  24.0
               +-------+-------+-------+-------+-------+----------------------

Table legend: (Time is in decaauts)
 A = Elapsed time spent in this place.
 B = Non-inter-level travel time spent in this place.
 C = Inter-level travel time spent in this place.
 D = Time resting spent in this place.
 E = Time spent auto-exploring this place.
 F = Levels seen in this place.
 G = Mean time per level.
                   A        B        C        D        E       F      G
               +--------+--------+--------+--------+--------+-----+--------+
         Total |   1784 |   1724 |     60 |      2 |   1500 |   3 |  594.7 |
       Dungeon |   1784 |   1724 |     60 |      2 |   1500 |   3 |  594.7 |
               +--------+--------+--------+--------+--------+-----+--------+

Top non-repeatable levels by time:
     D:1: 1129 daAuts
     D:2: 591 daAuts
     D:3: 62 daAuts
